Map: Deathaura LE

Players

RyuKey - Winner!

  • Race: Terran Terran
  • League: Diamond
  • Spawn Location: 11:00

Jaykantos

  • Race: Zerg Zerg
  • League: Platinum
  • Spawn Location: 5:00

VOD

Have the link to the VOD?

Description

Time

  • Played on: June 19, 2020, 7:29 a.m.
  • Length: 6:23
Show
View Real Time Build Order
Export as new Build Order

RyuKey Terran - Winner!

Build Orders:  

Get SALT Encoding   

  12  0:06  SCV  
  13  0:23  Supply Depot  
  13  0:45  Barracks  
  13  0:47  Barracks  
  13  1:01  Barracks  
  13  1:04  SCV  
  14  1:33  Marine  
  14  1:34  Marine  
  14  1:38  Supply Depot  
  16  1:42  Orbital Command  
  16  1:48  Marine  
  16  1:51  Marine  
  18  2:04  Marine  
  18  2:05  Marine  
  13  3:15  Marine, SCV  
  15  3:27  SCV  
  15  3:33  Marine x2  
  17  3:39  SCV  
  18  3:51  Marine, SCV  
  18  3:52  Marine  
  21  4:05  Marine, Supply Depot  
  22  4:11  SCV  
  23  4:23  SCV  
  24  4:35  SCV  
  25  4:40  Marine x3  
  28  4:47  SCV  
  29  5:13  SCV  
  30  5:14  Command Center  
  30  5:17  Refinery  
  30  5:25  SCV  
  30  5:45  SCV  
  31  5:51  Supply Depot  
  31  5:52  Refinery  
  31  5:56  Supply Depot  
  31  5:57  SCV  
  32  6:09  SCV  
Show
View Real Time Build Order
Export as new Build Order

Jaykantos Zerg 

Build Orders: Pool First 

Get SALT Encoding   

  12  0:19  Spawning Pool  
  11  0:35  Extractor  
  10  1:05  Zergling x6  
  13  1:20  Overlord  
  13  1:28  Zergling x2  
  14  1:38  Queen  
  16  1:42  Spine Crawler  
  16  1:44  Metabolic Boost  
  15  1:50  Zergling x4  
  17  2:11  Zergling x4  
  19  2:32  Zergling x4  
  18  2:52  Drone  
  18  2:53  Drone  
  17  3:29  Hatchery  
  16  4:04  Overlord x2  
  16  4:05  Overlord  
  16  4:19  Lair  
  16  4:23  Drone x5  
  21  4:27  Drone  
  22  4:43  Baneling Nest  
  22  4:45  Drone  
  22  4:56  Drone  
  22  4:57  Drone  
  24  5:10  Drone x3  
  24  5:11  Drone  
  28  5:18  Spore Crawler  
  14  5:41  Zergling x2  
  14  5:42  Zergling x6  
Tags
 
Add a new tag
Caveats
  • Supply blocks, unpowered buildings, or Contaminate may cause inaccurate times.
  • Supply counts are checked every 10 seconds.